 Dungeon Crawl Stone Soup version 0.24.0-13-gcf9b319 (webtiles) character file.

Game seed: 10175688701777414502, levelgen mode: deterministic

60 Fortress the Conjurer (level 3, -10/26 HPs)
             Began as a Draconian Conjurer on Jan 22, 2020.
             Mangled by a worm (11 damage)
             ... on level 2 of the Dungeon.
             The game lasted 00:04:00 (1694 turns).

Fortress the Conjurer (Draconian Conjurer)          Turns: 1694, Time: 00:04:01

Health: -10/26     AC:  5    Str: 10    XL:     3   Next: 82%
Magic:  0/7        EV: 12    Int: 16    God:
Gold:   46         SH:  0    Dex: 11    Spells: 6/7 levels left

rFire    . . .     SeeInvis .   a - +0 dagger
rCold    . . .     Gourm    .   (no shield)
rNeg     . . .     Faith    .   (armour unavailable)
rPois    .         Spirit   .   (helmet restricted)
rElec    .         Reflect  .   (no cloak)
rCorr    .         Harm     .   (no gloves)
MR       .....                  (no boots)
Stlth    ++........             (no amulet)
HPRegen  0.08/turn              (no ring)
MPRegen  0.10/turn              (no ring)

@: very slightly contaminated
A: unfitting armour, cold-blooded, AC +5
a: no special abilities


You were on level 2 of the Dungeon.
You were very hungry.

You visited 1 branch of the dungeon, and saw 2 of its levels.

You collected 46 gold pieces.

Inventory:

Hand Weapons
 a - a +0 dagger (weapon)
Jewellery
 e - a +2 ring of protection {unknown}
Scrolls
 c - 3 scrolls of identify {unknown}
 d - 2 scrolls of magic mapping {unknown}
 h - 3 scrolls of teleportation {unknown}
Potions
 f - a potion of curing {unknown}
 g - a potion of lignification {unknown}
 i - a potion of flight {unknown}
Comestibles
 b - a ration


   Skills:
 - Level 0.2 Fighting
 - Level 2.0 Dodging
 + Level 1.9 Stealth
 + Level 2.8 Spellcasting
 + Level 4.7 Conjurations


You had 6 spell levels left.
You knew the following spells:

 Your Spells              Type           Power        Failure   Level  Hunger
a - Magic Dart            Conj           ###.         2%          1    #......

Your spell library contained the following spells:

 Spells                   Type           Power        Failure   Level  Hunger
 Searing Ray              Conj           ###...       4%          2    ##.....
 Dazzling Spray           Conj/Hex       #.....       22%         3    ###....
 Iskenderun's Mystic Bla  Conj           ###.....     26%         4    #####..
 Force Lance              Conj/Tloc      #.......     56%         4    #####..
 Fulminant Prism          Conj/Hex       #.........   56%         4    #####..


Dungeon Overview and Level Annotations

Branches:
Dungeon (2/15)

Altars:


Innate Abilities, Weirdness & Mutations

Your plain brown scales are hard. (AC +5)
You cannot fit into any form of body armour.
You are cold-blooded and may be slowed by cold attacks.


Message History

* * * LOW HITPOINT WARNING * * *
Casting: Magic Dart (safe; 2% risk of failure)
Confirm with . or Enter, or press ? or * to list all spells.
Aiming: Magic Dart (safe; 2% risk of failure)
Press: ? - help, Shift-Dir - straight line, f/p - worm
Aim: a worm (severely wounded)
You miscast Magic Dart.
You are very lightly contaminated with residual magic.
Nothing appears to happen.
The worm closely misses you.
You hit the worm.
The worm is severely wounded.
You hit the worm.
The worm is almost dead.
The worm barely misses you.
You hit the worm but do no damage.
The worm is severely wounded.
You hit the worm.
Your tail-slap misses the worm.
The worm is almost dead.
The worm bites you!
You die...

#.#####.###.#..#.....(..
#.##.........).#########
#....#..........#
#.#.............#
#.#.##..####.<..#
#.#.##..........#
#######.###...#.##.##
#.......##......##.#
##.#######..@)## .#
#.......'..w.+ >.
#########..(.# ##
#####...w.) .##### .# #


You could see a worm.

Vanquished Creatures
  Jessica (D:2)
  A dart slug (D:1)
  2 leopard geckos
  4 bats (D:1)
  3 goblins
  7 hobgoblins
  6 kobolds
  3 frilled lizards (D:1)
  2 rats
29 creatures vanquished.

Notes
Turn   | Place    | Note
-------+----------+-------------------------------------------
     0 | D:1      | Fortress the Draconian Conjurer began the quest for the
                  | Orb.
     0 | D:1      | Reached XP level 1. HP: 14/14 MP: 3/3
   482 | D:1      | Reached XP level 2. HP: 20/20 MP: 1/5
   592 | D:1      | HP: 1/20 [bat (1)]
  1320 | D:2      | Reached XP level 3. HP: 26/26 MP: 1/6
  1398 | D:2      | Noticed Jessica
  1407 | D:2      | Killed Jessica
  1689 | D:2      | HP: 1/26 [worm (11)]
  1694 | D:2      | Mangled by a worm

Levels and vault maps discovered:
D:1:      lightli_arrival_farm, layout_basic
D:2:      layout_basic, bloody_makhleb, uniq_jessica

Skill      XL: |  1  2  3 |
---------------+----------+-----
Dodging        | 2 |  2.0
Fighting       | |  0.2
Stealth        | |  1.9
Spellcasting   | |  2.8
Conjurations   | |  4.7

Action                   || total
-------------------------++-------
Melee: Unarmed           ||    14
       Tailslap          ||     8
       Dagger            ||    64
 Cast: Magic Dart        ||    59
  Eat: Chunk             ||     2
Armor: Skin              ||    29
Dodge: Dodged            ||    62
